 Dungeon Crawl Stone Soup version 0.31-a0-986-g5e6e4ef867 (webtiles) character file.

Game seed: 11704896405987147849

596943 gelatine the Warrior (level 25, -8/226 (233) HPs)
             Began as a Demonspawn Fighter on Nov 12, 2023.
             Was a High Priest of Jiyva.
             Killed from afar by a hellion (32 damage)
             ... with damnation
             ... on level 3 of Gehenna.
             The game lasted 05:02:14 (50354 turns).

gelatine the Warrior (Demonspawn Fighter)          Turns: 50354, Time: 05:02:15

HP:   -8/226 (233)  AC: 32    Str: 31      XL:     25   Next: 84%
MP:   33/39         EV: 20    Int: 14      God:    Jiyva [*****.]
Gold: 2388          SH: 25    Dex: 25 (26) Spells: 22/49 levels left

rFire   + + +        b - +9 broad axe (protect)
rCold   + . .        r - +1 tower shield {reflect}
rNeg    + + +        z - +6 plate armour of the Enchanted Forest {rN+ rCorr Stlth+}
rPois   +            (helmet restricted)
rElec   .            O - +2 cloak {rPois}
rCorr   +            f - +2 pair of gloves
SInv    .            (boots unavailable)
Will    ++...        h - amulet "Tuxtowk Heih" {rF+ Regen+ Slay+2}
Stlth   +++++        i - ring of Morality {rN++ rCorr Int+6}
HPRegen 2.81/turn    n - ring of the Shishi {rF++ rC+ Slay+4}
MPRegen 0.71/turn

%: reflection
@: weakened, under a protective aura, studying 3 skills, lightly drained, unable
to read
A: hooves 3, thin skeletal structure 3, icemail 2, spiny 2, augmentation 2,
condensation shield, horns 1, agile 2, strong-willed 1, sense surroundings 3,
robust 1, strong 2, gelatinous body 1, pseudopods 2, translucent skin 1, jelly
absorbing missiles, MP-powered wands, engulf
}: 4/15 runes: decaying, slimy, silver, gossamer
a: Renounce Religion, Oozemancy, Slimify


You were on level 3 of Gehenna.
You worshipped Jiyva.
Jiyva was extremely pleased with you.
You visited 16 branches of the dungeon, and saw 62 of its levels.
You visited the Abyss 1 time.
You also visited: Gauntlet and Ice Cave.

You collected 7042 gold pieces.
You spent 4654 gold pieces at shops.

Inventory:

Hand Weapons
 b - a +9 broad axe of protection (weapon)
 C - the +9 war axe of Starshine {elec, rC+ Stlth+}
   (You found it on level 1 of the Vaults)

   rC+:       It protects you from cold.
   Stlth+:    It makes you more stealthy.
 T - the +18 lance "Wyrmbane" {slay drac, rPois rF+ rC+ AC+3}
   (You found it on level 13 of the Dungeon)

   AC+3:      It affects your AC (+3).
   rF+:       It protects you from fire.
   rC+:       It protects you from cold.
   rPois:     It protects you from poison
Armour
 f - a +2 pair of gloves (worn)
 g - a +5 tower shield
 p - the +5 troll leather armour of the Ward {rF+ Regen+}
   (You bought it in a shop on level 1 of the Orcish Mines)

   rF+:       It protects you from fire.
   Regen+:    It increases your rate of health regeneration.
 r - a +1 tower shield of reflection (worn)
 z - the +6 plate armour of the Enchanted Forest (worn) {rN+ rCorr Stlth+}
   (You found it on level 2 of Gehenna)

   rN+:       It protects you from negative energy.
   rCorr:     It protects you from acid and corrosion.
   Stlth+:    It makes you more stealthy.
 J - a +2 helmet
 O - a +2 cloak of poison resistance (worn)
Jewellery
 e - the ring "Boinat" {+Blink Slay+4 SInv}
   (You bought it in a shop on level 1 of the Vaults)

   [ring of slaying]

   Slay+4:    It affects your accuracy & damage with ranged weapons and melee
   (+4).
   SInv:      It lets you see invisible.
   +Blink:    It lets you blink.
 h - the amulet "Tuxtowk Heih" (around neck) {rF+ Regen+ Slay+2}
   (You found it on level 3 of the Depths)

   [amulet of regeneration]

   Slay+2:    It affects your accuracy & damage with ranged weapons and melee
   (+2).
   rF+:       It protects you from fire.
   Regen+:    It increases your rate of health regeneration.
 i - the ring of Morality (left hand) {rN++ rCorr Int+6}
   (You found it on level 3 of the Elven Halls)

   [ring of intelligence]

   Int+6:     It affects your intelligence (+6).
   rN++:      It greatly protects you from negative energy.
   rCorr:     It protects you from acid and corrosion.
 m - the amulet of Husoch {Acrobat Fly Str+4}
   (You took it off a deep elf master archer on level 3 of the Elven Halls)

   [amulet of the acrobat]

   Acrobat:   It increases your evasion while moving and waiting.
   Str+4:     It affects your strength (+4).
   Fly:       It grants you flight.
 n - the ring of the Shishi (right hand) {rF++ rC+ Slay+4}
   (You found it on level 5 of the Pits of Slime)

   [ring of slaying]

   Slay+4:    It affects your accuracy & damage with ranged weapons and melee
   (+4).
   rF++:      It greatly protects you from fire.
   rC+:       It protects you from cold.
 u - the ring "Dyismod" {rF+ Will++ Str+6 Dex+2 SInv}
   (You took it off a deep elf sorcerer on level 3 of the Elven Halls)

   [ring of strength]

   Str+6:     It affects your strength (+6).
   Dex+2:     It affects your dexterity (+2).
   rF+:       It protects you from fire.
   Will++:    It greatly increases your willpower.
   SInv:      It lets you see invisible.
 E - the ring "Cihetz" {+Blink rElec rC+ Dex+3 SInv}
   (You found it in a Gauntlet)

   [ring of protection from cold]

   Dex+3:     It affects your dexterity (+3).
   rC+:       It protects you from cold.
   rElec:     It insulates you from electricity.
   SInv:      It lets you see invisible.
   +Blink:    It lets you blink.
 F - the ring "Itwoil" {rN+ Dex+3}
   (You found it on level 5 of the Pits of Slime)

   [ring of positive energy]

   Dex+3:     It affects your dexterity (+3).
   rN+:       It protects you from negative energy.
 I - the ring of the Commoners {rN+ Dex+2}
   (You found it on level 3 of the Crypt)

   [ring of positive energy]

   Dex+2:     It affects your dexterity (+2).
   rN+:       It protects you from negative energy.
 M - the ring "Leer" {rElec rN+ Will+++ Str-2 Slay+2}
   (You found it on level 3 of the Crypt)

   [ring of positive energy]

   Str-2:     It affects your strength (-2).
   Slay+2:    It affects your accuracy & damage with ranged weapons and melee
   (+2).
   rElec:     It insulates you from electricity.
   rN+:       It protects you from negative energy.
   Will+++:   It greatly increases your willpower.
 N - the ring "Uceuskin" {Fly Int+5 Slay+2}
   (You found it on level 3 of the Elven Halls)

   [ring of flight]

   Int+5:     It affects your intelligence (+5).
   Slay+2:    It affects your accuracy & damage with ranged weapons and melee
   (+2).
   Fly:       It grants you flight.
Wands
 a - a wand of mindburst (29)
 j - a wand of charming (28)
 l - a wand of digging (6)
 o - a wand of acid (13)
 G - a wand of iceblast (27)
Scrolls
 t - 2 scrolls of silence
 y - 14 scrolls of teleportation
 A - 2 scrolls of blinking
 D - 6 scrolls of poison
 H - 4 scrolls of revelation
 K - 6 scrolls of fear
 L - 3 scrolls of fog
 R - a scroll of summoning
Potions
 d - 4 potions of might
 k - a potion of invisibility
 q - 3 potions of heal wounds
 s - 3 potions of enlightenment
 v - 10 potions of curing
 w - 7 potions of brilliance
 x - 9 potions of haste
 P - 6 potions of resistance
 U - 2 potions of cancellation
Miscellaneous
 c - a phantom mirror
 Q - the horn of Geryon
 V - a sack of spiders
 W - a condenser vane
 X - a phial of floods
 Y - a lightning rod (4/4)


   Skills:
 * Level 20.4 Fighting
 - Level 18.0(18.4) Axes
 - Level 6.6(13.4) Polearms
 + Level 0.5 Ranged Weapons
 + Level 1.7 Throwing
 * Level 12.8 Armour
 * Level 14.8 Dodging
 + Level 8.2 Stealth
 * Level 20.3 Shields
 + Level 12.5 Spellcasting
 + Level 4.8 Conjurations
 * Level 5.4 Hexes
 * Level 9.4 Translocations
 + Level 7.1 Transmutations
 + Level 7.2 Fire Magic
 + Level 3.6 Ice Magic
 * Level 9.1 Air Magic
 * Level 2.7 Earth Magic
 * Level 9.3 Poison Magic
 * Level 9.9 Evocations


You had 22 spell levels left.
You knew the following spells:

 Your Spells              Type           Power      Damage    Failure   Level
a - Shock                 Conj/Air       100%       1d9       4%          1
b - Olgreb's Toxic Radia  Pois           35%        N/A       14%         4
c - Passwall              Tmut/Erth      18%        N/A       14%         2
d - Wereblood             Tmut           28%        N/A       5%          2
e - Ignite Poison         Fire/Tmut/Pois 30%        N/A       9%          3
f - Manifold Assault      Tloc           35%        N/A       14%         4
g - Apportation           Tloc           70%        N/A       1%          1
h - Silence               Hex/Air        14%        N/A       69%         5
i - Lee's Rapid Deconstr  Erth           8%         3d7*      99%         5

Your spell library contained the following spells:

 Spells                   Type           Power      Damage    Failure   Level
 Sting                    Tmut/Pois      100%       1d8       2%          1
 Blink                    Tloc           70%        N/A       2%          2
 Lesser Beckoning         Tloc           70%        N/A       2%          2
 Poisonous Vapours        Pois/Air       68%        N/A       2%          2
 Swiftness                Air            34%        N/A       4%          3
 Momentum Strike          Conj/Tloc      56%        3d9       5%          2
 Static Discharge         Conj/Air       56%        3-6/arc   6%          2
 Volatile Blastmotes      Fire/Tloc      64%        2d15      7%          3
 Cigotuvi's Dreadful Rot  Necr/Pois/Air  52%        N/A       9%          2
 Passage of Golubria      Tloc           35%        N/A       14%         4
 Freeze                   Ice            72%        1d8       16%         1
 Inner Flame              Hex/Fire       26%        N/A       16%         3
 Ensorcelled Hibernation  Hex/Ice        42%        N/A       17%         2
 Airstrike                Air            17%        2d(3-19)  17%         4
 Tukima's Dance           Hex            23%        N/A       22%         3
 Kiss of Death            Conj/Necr      60%        2d10      26%         1
 Dazzling Flash           Conj/Hex       46%        N/A       26%         3
 Hailstorm                Conj/Ice       20%        3d6       36%         3
 Iskenderun's Mystic Bla  Conj/Tloc      28%        2d7       36%         4
 Frozen Ramparts          Ice            36%        1d6       43%         3
 Ozocubu's Armour         Ice            18%        N/A       43%         3
 Alistair's Intoxication  Tmut/Pois      20%        N/A       54%         5
 Necrotise                Necr           32%        1d5       56%         1
 Summon Small Mammal      Summ           32%        N/A       56%         1
 Cause Fear               Hex            11%        N/A       58%         4
 Sublimation of Blood     Necr           8%         N/A       71%         2
 Leda's Liquefaction      Hex/Erth       10%        N/A       78%         4
 Brom's Barrelling Bould  Conj/Erth      19%        2d4       82%         4
 Yara's Violent Unravell  Hex/Tmut       13%        3d7       82%         5
 Fireball                 Conj/Fire      12%        3d7       85%         5
 Freezing Cloud           Conj/Ice/Air   12%        6-21      87%         5
 Vampiric Draining        Necr           8%         2d6       91%         3
 Anguish                  Hex/Necr       8%         N/A       92%         4
 Dispersal                Tloc           17%        N/A       92%         6
 Iskenderun's Battlesphe  Conj           22%        2d8       95%         5
 Summon Ice Beast         Ice/Summ       13%        N/A       97%         4
 Metabolic Englaciation   Hex/Ice        10%        N/A       97%         5
 Eringya's Noxious Bog    Tmut/Pois      15%        4d6       98%         6
 Conjure Ball Lightning   Conj/Air       14%        3x3d6     99%         6
 Animate Dead             Necr           8%         N/A       100%        4
 Dispel Undead            Necr           8%         3d8       100%        4
 Agony                    Necr           8%         N/A       100%        5
 Borgnjor's Vile Clutch   Necr/Erth      6%         N/A       100%        5
 Bombard                  Conj/Erth      9%         9d2       100%        6
 Death Channel            Necr           4%         N/A       100%        6
 Simulacrum               Ice/Necr       6%         N/A       100%        6
 Starburst                Conj/Fire      12%        6d5       100%        6
 Enfeeble                 Hex            11%        N/A       100%        7
 Haunt                    Necr/Summ      4%         N/A       100%        7
 Orb of Destruction       Conj           11%        9d6       100%        7
 Spellforged Servitor     Conj/Summ      7%         N/A       100%        7
 Summon Hydra             Summ           4%         N/A       100%        7
 Borgnjor's Revivificati  Necr           4%         N/A       100%        8
 Discord                  Hex            11%        N/A       100%        8
 Disjunction              Tloc           17%        N/A       100%        8
 Infestation              Necr           4%         N/A       100%        8
 Lehudib's Crystal Spear  Conj/Erth      9%         10d4      100%        8
 Maxwell's Capacitive Co  Air            17%        ∞         100%        8
 Death's Door             Necr           4%         N/A       100%        9


Dungeon Overview and Level Annotations

Branches:
Dungeon (15/15)            Temple (1/1) D:7            Lair (5/5) D:10
  Swamp (4/4) Lair:2       Spider (4/4) Lair:3        Slime (5/5) Lair:4
    Orc (2/2) D:10            Elf (3/3) Orc:2        Vaults (5/5) D:13
  Crypt (3/3) Vaults:3       Tomb (0/3) Crypt:3      Depths (4/4) D:15
   Hell (visited)             Dis (4/7) Hell            Geh (3/7) Hell
    Coc (3/7) Hell            Tar (0/7) Hell            Zot (1/5) Depths:4
  IceCv (visited)         Gauntlet (visited)

Altars:
Ashenzari
Cheibriados
Dithmenos
Fedhas
Gozag
Hepliaklqana
Kikubaaqudgha
Makhleb
Nemelex Xobeh
Okawaru
Qazlal
Ru
Sif Muna
Trog
Uskayaw
Vehumet
Wu Jian
Xom
Yredelemnul
Jiyva

Shops:
Orc:1 *   Orc:2 [:*(=   Elf:1 ?   Elf:3 *=:=   Vaults:1 =   Vaults:2 ((
Vaults:3 **:[   Vaults:5 :   Depths:1 ==(   Depths:4 (((==

Portals:
Hell: Depths:1 Depths:2 Depths:3 Depths:4
Abyss: Depths:3
Pandemonium: Depths:2
Ziggurat: Depths:4

Annotations:
Slime:5 Royal Jelly


Innate Abilities, Weirdness & Mutations

You have hooves in place of feet.
You have an unnaturally thin skeletal structure. (Dex +6, Stealth+++)
A meltable icy envelope protects you from harm. (AC +0)
You are mostly covered in sharp spines.
Your magical and physical power is enhanced at high health.
A meltable shield of frost defends you. (SH +0)
You have a pair of small horns on your head.
You are very agile. (Dex +8, Str/Int -2)
You are strong-willed. (Will+)
You passively map a large area around you.
You are robust. (+10% HP)
Your muscles are very strong. (Str +8, Int/Dex -2)
Your rubbery body absorbs attacks. (AC +1, EV +1)
Armour fits poorly on your large pseudopods.
Your translucent skin slightly reduces your foes' accuracy. (Stealth+)
You have a small jelly attached to you that may absorb projectiles.
You expend magic power (3 MP) to strengthen your wands.
Your melee attacks may engulf your foes in ooze.


Message History

The hellion gestures at you.
The sphere of damnation explodes!
The damnation engulfs you!!
A salamander tyrant comes into view.
The hellion gestures at you.
The sphere of damnation explodes!
The damnation engulfs you!!
You hear a hideous shriek!
You hear an angry squeal.
You hear a shout!
Space momentarily warps into an impossible shape!
You completely miss the salamander tyrant.
You slice the hellion!!
Your weapon exudes an aura of protection.
You slash the salamander tyrant!
The salamander tyrant rends the earth beneath you!
The blast of magma engulfs you! You partially resist.
The salamander tyrant rends the earth beneath you!
The blast of magma engulfs you! You partially resist.
Space momentarily warps into an impossible shape!
You slice the salamander tyrant!! You slice the hellion!!
You slash the salamander tyrant! The hellion gestures at you.
The sphere of damnation explodes!
The damnation engulfs you!!! The hellion gestures at you.
The sphere of damnation explodes!
The damnation engulfs you!!
* * * LOW HITPOINT WARNING * * *
The salamander tyrant gazes fiercely through you!
You feel your attacks grow feeble.
You hear a hideous shriek!
The hellion gestures at you.
The sphere of damnation explodes!
The damnation engulfs you!!
* * * LOW HITPOINT WARNING * * *
The hellion gestures at you.
The sphere of damnation explodes!
The damnation engulfs you!!
* * * LOW HITPOINT WARNING * * *
The salamander tyrant gazes fiercely through you!
You feel as though you will be weak longer.
You hear an angry squeal.
You start removing your amulet.
You continue taking off the amulet "Tuxtowk Heih" {rF+ Regen+ Slay+2}.
The hellion gestures at you.
The sphere of damnation explodes!
The damnation engulfs you!!
You die...

##...... ,
~ #......
,, ..... ,
, ~~ ....
, , ~ ~
##.. * ,,
, #..#*, ,
~ #≈∩+ , ~
##.##,
#@.≈# , ,
#≈.≈..#
,,, ,
##..⌠..2h.
,
###......
, ...2N..,
, *
N......
,,,
.....2. ,
, #.... ,,
,~ , ,, ,


You could see a balrug, 2 salamander tyrants, a hell hog and 2 hellions.

Vanquished Creatures
  2 dread liches
  2 ancient liches
  Josephina (Depths:4)
  3 shard shrikes (Coc:2)
  the Lernaean hydra (Swamp:4)
  6 caustic shrikes
  Geryon (Hell)
  5 golden dragons
  Nikola (Swamp:2)
  Arachne (Spider:2)
  A bone dragon (Crypt:3)
  A Brimstone Fiend (Geh:2)
  2 electric golems (Zot:1)
  A hellephant (Geh:2)
  8 tentacled monstrosities
  A Hell Sentinel (Dis:1)
  Jorgrun (Spider:2)
  3 Ice Fiends
  A walking earthen tome (Depths:3)
  7 liches
  6 deep elf master archers (Elf:3)
  2 walking frostbound tomes
  2 quicksilver dragons
  2 searing wretches (Geh:1)
  6 titans
  5 deep elf blademasters
  4 death cobs (Zot:1)
  8 sphinxes
  15 ancient champions
  Kirke (Swamp:3)
  6 shadow dragons
  Aizul (Spider:2)
  12 storm dragons
  16 tengu reavers
  A revenant (Crypt:2)
  4 narguns
  16 fire giants
  16 frost giants
  8 deep elf sorcerers
  5 quicksilver elementals (Dis:4)
  Louise (Spider:2)
  13 vault wardens
  3 emperor scorpions
  A curse skull (Crypt:2)
  A cacodemon (Hell)
  2 shard shrike simulacra
  A draconian stormcaller (Zot:1)
  3 deep elf elementalists (Elf:3)
  6 ghouls
  5 iron dragons
  A draconian shifter (Depths:4)
  4 balrugs
  2 reapers
  16 war gargoyles
  15 ironbound preservers
  12 ironbound thunderhulks
  7 orc warlords
  16 very ugly things
  3 spriggan defenders (Depths:3)
  2 draconian annihilators
  25 stone giants
  3 elemental wellsprings
  4 black draconians
  9 vampire knights
  3 caustic shrike skeletons
  The ghost of Adrian566 the Grappler, a journeyman TrSh of Gozag (Elf:1)
  4 deep elf demonologists
  2 wendigos
  6 eleionomae
  3 red draconians
  3 white draconians
  3 deep elf annihilators (Elf:3)
  10 spark wasps
  A minotaur (Gauntlet)
  7 bunyips
  2 yellow draconians
  2 purple draconians
  16 ettins
  4 eidola
  5 deep elf death magi
  10 dire elephants
  A blizzard demon (Geh:2)
  3 crystal guardians (Crypt:3)
  2 iron golems (Dis:4)
  9 yaktaur captains
  11 jiangshi
  13 fire dragons
  A shambling mangrove (Swamp:1)
  8 entropy weavers
  4 deep elf high priests
  19 hydras
  2 rakshasas
  2 hell beasts (Depths:2)
  3 spriggan air magi
  3 caustic shrike simulacra (Hell)
  A juggernaut simulacrum (Coc:3)
  3 salamander tyrants
  30 vault guards
  6 ice dragons
  A spriggan skeleton (Crypt:3)
  5 ghost crabs
  A jorogumo (Spider:2)
  2 peacekeepers
  A sphinx zombie (Hell)
  10 centaur warriors
  8 ironbound frosthearts
  10 two-headed ogres
  A radroach (Spider:4)
  40 dancing weapons
  2 death knights
  2 ogre magi (Vaults:5)
  16 alligators
  A catoblepas (Lair:5)
  An anaconda (shapeshifter) (Depths:1)
  8 boulder beetles
  9 tengu warriors
  A sphinx skeleton (Crypt:1)
  5 orc high priests
  A titan zombie (Crypt:2)
  5 deep troll shamans
  13 death yaks
  10 deep troll earth magi
  8 demonic crawlers
  5 spriggan berserkers
  A shock serpent (shapeshifter) (Vaults:5)
  A storm dragon zombie (Hell)
  14 hell hogs
  9 vampire magi
  The ghost of Luteabua the Mimic, a journeyman FeSh of Nemelex Xobeh (Lair:2)
  2 crystal echidnas (Dis:4)
  A skyshark (Lair:4)
  14 deep elf knights
  18 hell knights
  6 iron trolls
  6 soul eaters (Hell)
  2 spectral death yaks (Lair:5)
  30 skeletal warriors
  A skyshark (shapeshifter) (Depths:3)
  17 sun demons
  7 pharaoh ants
  A shadow wraith (Crypt:2)
  A fire crab (Gauntlet)
  A death drake (Gauntlet)
  45 deep trolls
  A sixfirhy (Hell)
  A spectral anaconda (Lair:5)
  3 flayed ghosts
  A spriggan druid (Swamp:4)
  13 swamp dragons
  3 goliath frogs
  A golden dragon zombie (Hell)
  A quicksilver dragon simulacrum (Depths:4)
  8 deep elf archers
  A bunyip zombie (Hell)
  2 spark wasp zombies (D:15)
  An obsidian statue (Lair:5)
  4 bog bodies
  5 orb spiders
  An orange crystal statue (Elf:1)
  13 ironbound convokers
  7 phantasmal warriors
  4 steelbarb worms
  A shadow dragon zombie (Hell)
  6 arcanists
  14 orc knights
  Pikel (D:4)
  29 ugly things
  6 lindwurms
  22 necromancers
  5 spriggan simulacra
  32 deep elf pyromancers
  11 wolf spiders
  4 fire giant zombies (Hell)
  16 deep elf zephyrmancers
  5 cyclopes
  2 will-o-the-wisps (Swamp:4)
  9 orc sorcerers
  13 moths of wrath
  4 manticores
  A stone giant zombie (Crypt:3)
  21 elephants
  3 stone giant skeletons
  7 centaur zombies
  A shock serpent zombie (Crypt:2)
  A naga zombie (Hell)
  2 dire elephant zombies
  3 ice statues (IceCv)
  14 vault sentinels
  7 rust devils (Hell)
  16 cane toads
  2 smoke demons
  Joseph (Lair:1)
  6 torpor snails
  4 black mambas
  A centaur skeleton (Crypt:3)
  3 titan simulacra
  3 gargoyles
  A storm dragon simulacrum (Coc:1)
  An unseen horror (D:6)
  A rime drake (shapeshifter) (D:14)
  3 tengu conjurers
  A dire elephant skeleton (Lair:5)
  4 hellions
  Psyche (D:8)
  Maggie (D:8)
  7 rime drakes
  3 kobold demonologists
  An efreet (D:13)
  2 anaconda simulacra
  A yaktaur (shapeshifter) (D:13)
  A bunyip simulacrum (Coc:2)
  3 tormentors
  3 guardian mummies (Crypt:1)
  8 freezing wraiths
  7 komodo dragons
  21 yaktaurs
  5 ice devils
  9 trolls
  A red devil (Hell)
  14 tyrant leeches
  2 harpy zombies (Crypt:3)
  A wind drake (shapeshifter) (Elf:2)
  A shadow dragon simulacrum (Hell)
  4 polar bears
  10 meliai
  18 tarantellas
  9 hornets
  An iron dragon simulacrum (Depths:4)
  10 dream sheep
  2 fire dragon zombies
  A harpy skeleton (Crypt:3)
  A snapping turtle (shapeshifter) (Elf:3)
  4 spriggan zombies
  A meliai zombie (D:10)
  3 ettin zombies (Hell)
  21 blink frogs
  A stone giant simulacrum (Coc:2)
  2 spectral elephants (Lair:5)
  2 air elementals
  3 centaur simulacra
  23 jumping spiders
  42 flying skulls
  8 spriggans
  An ice dragon skeleton (Crypt:2)
  4 dire elephant simulacra
  2 ynoxinuls
  3 wyverns
  10 culicivoras
  10 wraiths
  2 ettin skeletons
  4 fire bats (Gauntlet)
  78 yaks
  Grum (D:9)
  3 basilisks
  2 water elementals
  4 fire elementals
  3 hogs (Swamp:3)
  2 steam dragons
  44 redbacks
  23 vampire mosquitoes
  8 harpy simulacra
  2 acid dragons
  8 wargs
  11 swamp worms
  4 hydra simulacra
  A glowing shapeshifter skeleton (Vaults:5)
  2 hell hounds (Hell)
  A deep troll skeleton (Crypt:1)
  18 water moccasins
  24 orc warriors
  A hornet zombie (D:3)
  6 swamp drakes
  3 black bears
  8 ice beasts
  An ice dragon simulacrum (Coc:1)
  An ettin simulacrum (Coc:2)
  2 black mamba simulacra
  3 sky beasts
  8 ogres
  A boggart (D:12)
  13 wolves
  8 centaurs
  An elephant skeleton (Lair:5)
  A phantom (D:5)
  A torpor snail zombie (Crypt:2)
  4 kobold brigands
  Blork the orc (D:5)
  3 earth elementals
  3 necrophages (D:10)
  10 bullfrogs
  3 scorpions
  4 human skeletons
  4 cane toad simulacra
  16 wights
  7 elephant simulacra
  15 killer bees
  8 electric eels
  2 howler monkeys
  The ghost of tinescath the Magician, a weakling DEHW (D:3)
  A wyvern simulacrum (Lair:2)
  3 human zombies
  A gnoll bouda (D:4)
  A jelly (D:5)
  12 orc priests
  3 hounds
  3 iguanas
  2 iron imps (Gauntlet)
  2 sleepcaps (D:5)
  4 water moccasin simulacra (Lair:2)
  21 orc wizards
  A wolf simulacrum (IceCv)
  A killer bee zombie (D:3)
  6 mummies
  4 gnolls (D:4)
  6 adders
  2 howler monkey skeletons
  A swamp drake skeleton (Crypt:1)
  2 white imps
  A dart slug (D:4)
  A worm (D:2)
  57 orcs
  6 ball pythons
  A bat skeleton (Crypt:2)
  6 endoplasms
  4 giant cockroaches
  9 goblins
  9 hobgoblins
  2 jackals (D:1)
  A quokka (D:1)
  4 bats
  6 frilled lizards
  25 kobolds
  5 rats
  A creeping inferno (Hell)
  A fire vortex (Hell)
2131 creatures vanquished.

Vanquished Creatures (collateral kills)
  An Ice Fiend (Coc:1)
  2 Hell Sentinels (Dis:4)
  An ancient champion (Dis:4)
  A fenstrider witch (Swamp:2)
  A stone giant (Depths:1)
  An alligator (Swamp:2)
  A hell hog (Geh:2)
  A pharaoh ant (Spider:4)
  A bog body (Swamp:2)
  An orb spider (Spider:3)
  A steelbarb worm (Spider:4)
  A rust devil (Hell)
  A meliai (Spider:4)
  2 vampire mosquitoes (Swamp:2)
  A hell hound (Hell)
17 creatures vanquished.

Vanquished Creatures (others)
  An azure jelly (Spider:4)
  A shadow dragon (Vaults:5)
  An ironbound preserver (Vaults:1)
  2 formless jellyfish
  A bunyip (Swamp:1)
  The ghost of Cadaeck the Basher, a journeyman GrFi of Jiyva (D:14)
  An entropy weaver (Spider:4)
  4 great orbs of eyes
  A hydra (Swamp:4)
  A hydra (shapeshifter) (Vaults:5)
  A dancing weapon (Elf:1)
  A demonic crawler (Spider:4)
  A deep elf knight (Elf:2)
  A goliath frog (Swamp:3)
  A glowing orange brain (Depths:2)
  An orb spider (shapeshifter) (Depths:2)
  A swamp dragon (Swamp:4)
  2 deep trolls (Vaults:1)
  A bog body (Swamp:2)
  A lindwurm (Vaults:3)
  A steelbarb worm (shapeshifter) (Elf:1)
  An ironbound convoker (Vaults:3)
  A spriggan simulacrum (Hell)
  2 shining eyes (shapeshifter)
  A moth of wrath (Zot:1)
  A will-o-the-wisp (Swamp:2)
  2 moths of wrath (shapeshifter)
  A vault sentinel (Vaults:1)
  A yaktaur (Vaults:3)
  A troll (shapeshifter) (D:13)
  A tormentor (Geh:3)
  2 tyrant leeches
  2 bloated husks
  A glass eye (shapeshifter) (D:14)
  A dream sheep (Lair:4)
  A jumping spider (Spider:4)
  A vampire (D:14)
  26 slime creatures
  A spriggan (Swamp:3)
  A flying skull (Crypt:3)
  A naga simulacrum (Hell)
  A redback (shapeshifter) (Depths:1)
  2 vampire mosquitoes (Swamp:1)
  A redback (Vaults:5)
  A swamp worm (Swamp:1)
  4 wargs (D:13)
  2 orc warriors (D:13)
  A hell hound (Hell)
  2 swamp drakes (Swamp:4)
  3 howler monkeys (D:12)
  3 electric eels (D:12)
  235 jellies
  3 orc wizards (D:13)
  A howler monkey skeleton (Crypt:1)
  4 orcs
  6 foxfires (Swamp:4)
344 creatures vanquished.

Grand Total: 2492 creatures vanquished

Notes
Turn   | Place    | Note
-------+----------+-------------------------------------------
     0 | D:1      | gelatine the Demonspawn Fighter began the quest for the
                  | Orb.
     0 | D:1      | Reached XP level 1. HP: 18/18 MP: 1/1
   152 | D:1      | Gained mutation: You are partially covered in sharp spines.
                  | [demonic ancestry]
   152 | D:1      | Reached XP level 2. HP: 23/24 MP: 2/2
   741 | D:2      | Gained mutation: A meltable shield of frost defends you.
                  | (SH +0) [demonic ancestry]
   741 | D:2      | Reached XP level 3. HP: 29/29 MP: 3/3
  1124 | D:3      | Found a transporter.
  1127 | D:3      | Noticed tinescath's ghost (weakling DEHW)
  1132 | D:3      | Found a transporter.
  1268 | D:3      | Gained mutation: A meltable icy envelope protects you from
                  | harm. (AC +0) [demonic ancestry]
  1268 | D:3      | Reached XP level 4. HP: 16/35 MP: 4/4
  1765 | D:3      | Gained mutation: You have large cloven feet. [demonic
                  | ancestry]
  1765 | D:3      | Reached XP level 5. HP: 41/41 MP: 5/5
  1850 | D:4      | Found a shimmering altar of Xom.
  1927 | D:4      | Reached skill level 1 in Dodging
  1952 | D:4      | Noticed Pikel
  1952 | D:4      | Noticed a lemure
  1961 | D:4      | Noticed a lemure
  1968 | D:4      | Killed Pikel
  1969 | D:4      | Reached XP level 6. HP: 15/48 MP: 6/6
  1969 | D:4      | Gained mutation: You have hoof-like feet. [demonic
                  | ancestry]
  1969 | D:4      | Reached XP level 7. HP: 17/54 MP: 7/7
  2194 | D:4      | Reached skill level 5 in Axes
  2839 | D:5      | Entered Level 5 of the Dungeon
  2883 | D:5      | Gained mutation: You have a somewhat thin skeletal
                  | structure. (Dex +2, Stealth+) [demonic ancestry]
  2883 | D:5      | Reached XP level 8. HP: 39/61 MP: 8/8
  3155 | D:5      | Reached skill level 5 in Armour
  3419 | D:5      | Noticed Blork the orc
  3428 | D:5      | Killed Blork the orc
  3753 | D:5      | Reached skill level 5 in Fighting
  3957 | D:6      | Reached skill level 5 in Shields
  4184 | D:6      | Gained mutation: You have a moderately thin skeletal
                  | structure. (Dex +4, Stealth++) [demonic ancestry]
  4184 | D:6      | Reached XP level 9. HP: 68/68 MP: 9/9
  4316 | D:6      | Killed an unseen horror
  4681 | D:7      | Found a blossoming altar of Fedhas.
  4681 | D:7      | Found a sparkling altar of Nemelex Xobeh.
  4726 | D:7      | Found a staircase to the Ecumenical Temple.
  4790 | D:7      | Reached skill level 1 in Evocations
  4821 | Temple   | Entered the Ecumenical Temple
  4886 | D:7      | Reached skill level 1 in Stealth
  5345 | D:7      | Found an opulent altar of Gozag.
  5753 | D:8      | Reached XP level 10. HP: 68/76 MP: 10/10
  5906 | D:8      | Found a bloodstained altar of Trog.
  5907 | D:8      | Found a hide-covered altar of Uskayaw.
  6042 | D:8      | Noticed Maggie
  6064 | D:8      | Killed Maggie
  6879 | D:8      | Noticed Psyche
  6885 | D:8      | Killed Psyche
  7378 | D:9      | Noticed Grum
  7380 | D:9      | Noticed a two-headed ogre
  7407 | D:9      | Killed a two-headed ogre
  7575 | D:9      | Killed Grum
  7699 | D:9      | Reached XP level 11. HP: 78/83 MP: 11/11
  7705 | D:9      | Reached skill level 5 in Dodging
  8094 | D:10     | Entered Level 10 of the Dungeon
  8108 | D:10     | Noticed a two-headed ogre
  8116 | D:10     | Killed a two-headed ogre
  8117 | D:10     | Reached skill level 10 in Axes
  8126 | D:10     | Noticed a two-headed ogre
  8139 | D:10     | Killed a two-headed ogre
  8467 | D:10     | Found a staircase to the Lair.
  8655 | D:10     | Found a staircase to the Orcish Mines.
  8848 | D:10     | Found a basalt altar of Yredelemnul.
  9240 | D:3      | Killed tinescath's ghost
  9247 | D:3      | Reached XP level 12. HP: 92/92 MP: 12/12
  9478 | D:10     | Noticed a two-headed ogre
  9487 | D:10     | Killed a two-headed ogre
  9617 | Orc:1    | Entered Level 1 of the Orcish Mines
 10123 | Orc:1    | Found Aqedymoc's General Store.
 10132 | Orc:1    | Bought a +2 cloak of poison resistance for 296 gold pieces
 10234 | Lair:1   | Entered Level 1 of the Lair of Beasts
 10234 | Lair:1   | Noticed a boulder beetle
 10244 | Lair:1   | Reached skill level 1 in Spellcasting
 10290 | Lair:1   | Killed a boulder beetle
 10396 | Lair:1   | Reached skill level 1 in Throwing
 10540 | Lair:1   | Noticed Joseph
 10553 | Lair:1   | Killed Joseph
 10942 | Lair:1   | You fall into a shaft and drop 1 floor!
 10989 | Lair:2   | Reached XP level 13. HP: 100/100 MP: 17/17
 11030 | Lair:2   | Found a staircase to the Swamp.
 11398 | Lair:2   | Found a runed translucent gate.
 11398 | Lair:2   | Found a runed translucent gate.
 11398 | Lair:2   | Found a runed translucent gate.
 11728 | Lair:2   | Noticed Luteabua's ghost (journeyman FeSh)
 11959 | Lair:2   | Killed Luteabua's ghost
 12995 | Lair:2   | Gained mutation: You expend magic power (3 MP) to
                  | strengthen your wands. [potion of mutation]
 12995 | Lair:2   | Gained mutation: Your system is resistant to poisons.
                  | (rPois) [potion of mutation]
 12995 | Lair:2   | Gained mutation: You have hooves in place of feet. [potion
                  | of mutation]
 13126 | Swamp:1  | Entered Level 1 of the Swamp
 13342 | Swamp:1  | Noticed a bunyip
 13516 | Lair:3   | Found a hole to the Spider Nest.
 14173 | Lair:4   | Reached skill level 10 in Fighting
 14181 | Lair:4   | Reached skill level 15 in Axes
 14553 | Lair:4   | Reached XP level 14. HP: 110/110 MP: 20/20
 14652 | Lair:4   | Identified the ring "Hommileon" {rC+ Int+2 Dex+6}
 14869 | Lair:4   | Found a viscous altar of Jiyva.
 14870 | Lair:4   | Found a staircase to the Slime Pits.
 14878 | Lair:4   | Became a worshipper of Jiyva Jadeyt the Shapeless
 15157 | Lair:4   | Reached * piety under Jiyva
 15176 | Lair:4   | Reached skill level 5 in Spellcasting
 15380 | Lair:5   | Entered Level 5 of the Lair of Beasts
 15807 | Lair:5   | Reached ** piety under Jiyva
 16188 | Lair:5   | Reached skill level 1 in Air Magic
 16274 | Lair:5   | Reached *** piety under Jiyva
 16686 | Lair:5   | Mutation became permanent: You have hoof-like feet.
                  | [demonic ancestry]
 16686 | Lair:5   | Gained mutation: You have hooves in place of feet. [demonic
                  | ancestry]
 16686 | Lair:5   | Reached XP level 15. HP: 119/119 MP: 23/23
 16686 | Lair:5   | Lost mutation: You expend magic power (3 MP) to strengthen
                  | your wands. [potion of mutation]
 16686 | Lair:5   | Lost mutation: Your system is resistant to poisons. (rPois)
                  | [potion of mutation]
 16686 | Lair:5   | Gained mutation: You are agile. (Dex +4, Str/Int -1)
                  | [potion of mutation]
 16777 | Lair:5   | Gained mutation: Your melee attacks may engulf your foes in
                  | ooze. [Jiyva's grace]
 16777 | Lair:5   | Gained mutation: You have a pair of small horns on your
                  | head. [Jiyva's grace]
 16777 | Lair:5   | Gained mutation: You have a pair of horns on your head.
                  | [Jiyva's grace]
 16777 | Lair:5   | Gained mutation: You have a pair of large horns on your
                  | head. [Jiyva's grace]
 16992 | Orc:2    | Entered Level 2 of the Orcish Mines
 17090 | Orc:2    | Found Tegunerch's Antique Armour Shop.
 17238 | Orc:2    | Found Anaweej's Book Shop.
 17255 | Orc:2    | Paralysed by an orc sorcerer for 2 turns
 17293 | Orc:2    | Gained mutation: Armour fits poorly on your strangely
                  | shaped body. [a neqoxec]
 17347 | Orc:2    | Found Ceume's General Store.
 17355 | Orc:2    | Bought a scroll of enchant weapon for 120 gold pieces
 17355 | Orc:2    | Bought a potion of heal wounds for 80 gold pieces
 17375 | Orc:2    | Found Lorhen's Antique Weapon Emporium.
 17396 | Orc:2    | Found a staircase to the Elven Halls.
 17433 | Orc:2    | Found Emy Udysk's Jewellery Boutique.
 17678 | Spider:1 | Entered Level 1 of the Spider Nest
 17822 | Spider:1 | Noticed an emperor scorpion
 17839 | Spider:1 | Killed an emperor scorpion
 18005 | Spider:1 | Reached skill level 10 in Shields
 18009 | Spider:1 | Reached **** piety under Jiyva
 18164 | Spider:1 | Learned a level 1 spell: Shock
 18395 | Orc:1    | Bought the +5 troll leather armour of the Ward {rF+ Regen+}
                  | for 864 gold pieces
 18833 | Swamp:1  | Reached ***** piety under Jiyva
 19097 | Swamp:1  | Lost mutation: You are agile. (Dex +4, Str/Int -1) [potion
                  | of mutation]
 19097 | Swamp:1  | Lost mutation: Your melee attacks may engulf your foes in
                  | ooze. [potion of mutation]
 19097 | Swamp:1  | Lost mutation: You have a pair of large horns on your head.
                  | [potion of mutation]
 19097 | Swamp:1  | Gained mutation: Your mind is acute. (Int +4, Str/Dex -1)
                  | [potion of mutation]
 19224 | Swamp:2  | Lost mutation: You have a pair of horns on your head.
                  | [Jiyva's grace]
 19224 | Swamp:2  | Gained mutation: You are robust. (+10% HP) [Jiyva's grace]
 19224 | Swamp:2  | Gained mutation: You are very robust. (+20% HP) [Jiyva's
                  | grace]
 19224 | Swamp:2  | Gained mutation: You are extremely robust. (+30% HP)
                  | [Jiyva's grace]
 19224 | Swamp:2  | Gained mutation: You are covered in fur. (AC +1) [Jiyva's
                  | grace]
 19230 | Swamp:2  | Identified the +1 quarterstaff of Imimiq {drain, rF+++}
 19327 | Swamp:2  | Reached skill level 1 in Conjurations
 19414 | Swamp:2  | Reached XP level 16. HP: 167/167 MP: 24/24
 19464 | Swamp:2  | Noticed Nikola
 19482 | Swamp:2  | Killed Nikola
 19718 | Swamp:3  | Noticed Kirke
 19721 | Swamp:3  | Noticed a sphinx
 19729 | Swamp:3  | Killed Kirke
 19762 | Swamp:3  | Found the dreamshard necklace {Acrobat *Dream}
 20219 | Swamp:4  | Entered Level 4 of the Swamp
 20314 | Swamp:4  | Gained mutation: You passively dampen the noise of your
                  | surroundings. [Jiyva's grace]
 20314 | Swamp:4  | Gained mutation: Your muscles are strong. (Str +4, Int/Dex
                  | -1) [Jiyva's grace]
 20314 | Swamp:4  | Gained mutation: Your muscles are very strong. (Str +8,
                  | Int/Dex -2) [Jiyva's grace]
 20314 | Swamp:4  | Gained mutation: Your body has grown eyes which may confuse
                  | attackers. (Acc +3) [Jiyva's grace]
 20326 | Swamp:4  | Reached skill level 5 in Stealth
 20411 | Swamp:4  | Noticed the 27-headed Lernaean hydra
 20421 | Swamp:4  | HP: 5/169 [swamp dragon (7)]
 20421 | Swamp:4  | HP: 1/169 [swamp dragon (4)]
 20567 | Swamp:4  | Reached ****** piety under Jiyva
 21154 | Swamp:4  | Got a decaying rune of Zot
 21369 | Spider:2 | Noticed Louise
 21379 | Abyss:3  | Cast into level 3 of the Abyss (Louise)
 21393 | Spider:2 | Escaped the Abyss
 21410 | Spider:2 | Killed Louise
 21449 | Spider:2 | Learned a level 4 spell: Olgreb's Toxic Radiance
 21592 | Spider:2 | Reached skill level 1 in Poison Magic
 21803 | Spider:2 | Noticed Arachne
 21836 | Spider:2 | Killed Arachne
 21864 | Spider:2 | Identified the serpent talisman of Hepliaklqana's Scorn
                  | {Will+ Int+3}
 21864 | Spider:2 | Noticed Aizul
 21865 | Spider:2 | Noticed Jorgrun
 21873 | Spider:2 | Killed Jorgrun
 21874 | Spider:2 | Reached XP level 17. HP: 154/180 MP: 26/26
 21880 | Spider:2 | Killed Aizul
 22380 | Spider:3 | Lost mutation: You have a pair of small horns on your head.
                  | [Jiyva's grace]
 22380 | Spider:3 | Lost mutation: Your mind is acute. (Int +4, Str/Dex -1)
                  | [Jiyva's grace]
 22380 | Spider:3 | Lost mutation: You are extremely robust. (+30% HP) [Jiyva's
                  | grace]
 22380 | Spider:3 | Lost mutation: You passively dampen the noise of your
                  | surroundings. [Jiyva's grace]
 22380 | Spider:3 | Gained mutation: You have a small jelly attached to you
                  | that senses nearby items. [Jiyva's grace]
 22380 | Spider:3 | Gained mutation: You have hidden genetic potential.
                  | [Jiyva's grace]
 22380 | Spider:3 | Gained mutation: You have great hidden genetic potential.
                  | [Jiyva's grace]
 22380 | Spider:3 | Gained mutation: You have a pair of small horns on your
                  | head. [Jiyva's grace]
 22921 | Spider:3 | Reached skill level 1 in Ice Magic
 23238 | Spider:4 | Entered Level 4 of the Spider Nest
 23752 | Spider:4 | HP: 1/168 [meliai/divine providence (12)]
 23753 | Spider:4 | Saved by the dreamshard amulet
 23755 | Spider:4 | a spark wasp changed into an acid blob
 23755 | Spider:4 | Noticed an acid blob
 23904 | Spider:4 | Gained mutation: You do not regenerate when monsters are
                  | visible. [mutagenic glow]
 23985 | Spider:4 | Got a gossamer rune of Zot
 24296 | Vaults:5 | Identified the of Piru
 24296 | Crypt:3  | Identified the of Vuvun
 24296 | Depths:3 | Identified the "Quehoc"
 24296 | Elf:1    | Identified the "Afriqag"
 24296 | Elf:1    | Entered Level 1 of the Elven Halls
 24335 | Elf:1    | Reached skill level 5 in Air Magic
 24501 | Elf:1    | Found Zakhliesk's Magic Scroll Shoppe.
 24504 | Elf:1    | Bought a scroll of enchant weapon for 97 gold pieces
 24660 | Elf:1    | Paralysed by an air elemental for 1 turns
 24666 | Elf:1    | Paralysed by an air elemental for 1 turns
 24851 | Elf:1    | Gained mutation: You have an unnaturally thin skeletal
                  | structure. (Dex +6, Stealth+++) [demonic ancestry]
 24851 | Elf:1    | Reached XP level 18. HP: 177/177 MP: 28/28
 24965 | Elf:1    | Lost mutation: Armour fits poorly on your strangely shaped
                  | body. [Jiyva's grace]
 24965 | Elf:1    | Lost mutation: You have great hidden genetic potential.
                  | [Jiyva's grace]
 24965 | Elf:1    | Gained mutation: Your melee attacks may engulf your foes in
                  | ooze. [Jiyva's grace]
 24965 | Elf:1    | Gained mutation: You have a small jelly attached to you
                  | that may absorb projectiles. [Jiyva's grace]
 24965 | Elf:1    | Gained mutation: Your mind is acute. (Int +4, Str/Dex -1)
                  | [Jiyva's grace]
 24965 | Elf:1    | Gained mutation: Your mind is very acute. (Int +8, Str/Dex
                  | -2) [Jiyva's grace]
 24966 | Elf:1    | Found a runed translucent door.
 24966 | Elf:1    | Noticed Adrian566's ghost (journeyman TrSh)
 25360 | Elf:1    | Killed Adrian566's ghost
 25361 | Elf:1    | Reached skill level 5 in Poison Magic
 25364 | Elf:1    | Identified the +0 pair of gloves "Olykovo" {rF+}
 25462 | D:11     | Identified a scroll of acquirement
 25471 | D:11     | Identified the "Foxac" (You acquired it on level 11 of the
                  | Dungeon)
 25648 | D:11     | Identified the +4 long sword of Rotita {vamp, Will++ MP-9
                  | Str+4}
 25663 | D:11     | Reached skill level 10 in Dodging
 25892 | D:12     | Lost mutation: You have a pair of small horns on your head.
                  | [potion of mutation]
 25892 | D:12     | Lost mutation: Your mind is very acute. (Int +8, Str/Dex
                  | -2) [potion of mutation]
 25892 | D:12     | Lost mutation: You are very robust. (+20% HP) [potion of
                  | mutation]
 25893 | D:12     | Lost mutation: Your body has grown eyes which may confuse
                  | attackers. (Acc +3) [potion of mutation]
 25893 | D:12     | Lost mutation: Your muscles are very strong. (Str +8,
                  | Int/Dex -2) [potion of mutation]
 25893 | D:12     | Lost mutation: Your mind is acute. (Int +4, Str/Dex -1)
                  | [potion of mutation]
 25893 | D:12     | Gained mutation: Armour fits poorly on your strangely
                  | shaped body. [potion of mutation]
 25893 | D:12     | Lost mutation: You are robust. (+10% HP) [potion of
                  | mutation]
 25893 | D:12     | Gained mutation: You are strong-willed. (Will+) [potion of
                  | mutation]
 25957 | D:12     | Gained mutation: You are resistant to electric shocks.
                  | (rElec) [hidden potential]
 26103 | D:12     | Reached skill level 15 in Fighting
 26218 | D:12     | Learned a level 2 spell: Passwall
 26312 | D:13     | Acquired 1107 gold pieces
 26413 | D:13     | Found a frozen archway.
 26417 | IceCv    | Entered an ice cave
 26478 | IceCv    | Lost mutation: Armour fits poorly on your strangely shaped
                  | body. [potion of mutation]
 26478 | IceCv    | Lost mutation: You have hidden genetic potential. [potion
                  | of mutation]
 26478 | IceCv    | Lost mutation: You are resistant to electric shocks.
                  | (rElec) [potion of mutation]
 26478 | IceCv    | Lost mutation: You have a small jelly attached to you that
                  | senses nearby items. [potion of mutation]
 26478 | IceCv    | Gained mutation: You are somewhat resistant to further
                  | mutation. [potion of mutation]
 26667 | D:13     | Lost mutation: You do not regenerate when monsters are
                  | visible. [Jiyva's grace]
 26667 | D:13     | Gained mutation: You have a pair of small horns on your
                  | head. [Jiyva's grace]
 26667 | D:13     | Gained mutation: You have a pair of horns on your head.
                  | [Jiyva's grace]
 26667 | D:13     | Gained mutation: You have a pair of large horns on your
                  | head. [Jiyva's grace]
 26667 | D:13     | Gained mutation: Armour fits poorly on your pseudopods.
                  | [Jiyva's grace]
 26712 | D:13     | Found a gate to the Vaults.
 26739 | D:13     | Found the +8 lance "Wyrmbane" {slay drac, rPois rF+ rC+
                  | AC+3}
 26767 | D:13     | Found a gate leading to a gauntlet.
 26774 | Gauntlet | Entered a Gauntlet
 26774 | Gauntlet | Found a runed translucent door.
 26774 | Gauntlet | Found a transporter.
 26774 | Gauntlet | Found a runed translucent door.
 26774 | Gauntlet | Found a transporter.
 26776 | Gauntlet | Found a runed translucent door.
 26784 | Gauntlet | Found a transporter.
 26788 | Gauntlet | Found a transporter.
 26799 | Gauntlet | Found a transporter.
 26800 | Gauntlet | Found a transporter.
 26808 | Gauntlet | Found a transporter.
 26808 | Gauntlet | Found the +7 hand cannon "Mule" {flame, backblast, rF+}
 26825 | Gauntlet | Found a transporter.
 26839 | Gauntlet | Found a transporter.
 26843 | Gauntlet | Found a transporter.
 26854 | Gauntlet | Found a transporter.
 26855 | Gauntlet | Found a transporter.
 26902 | Gauntlet | Identified the +1 orcbow of Valour {antimagic, Dex+2}
 26941 | Gauntlet | Reached skill level 1 in Transmutations
 26986 | Gauntlet | Identified the ring of Jealousy {*Slow +Blink rN+ Will+
                  | Stlth+}
 27071 | Gauntlet | Reached skill level 1 in Earth Magic
 27112 | Gauntlet | Identified the +5 flail of Joom {flame, rPois Str+9}
 27112 | Gauntlet | Identified the ring "Cihetz" {+Blink rElec rC+ Dex+3 SInv}
 27732 | Elf:3    | Identified the "Vamob"
 27732 | Zot:3    | Identified the "Alayguhi"
 27732 | Zot:3    | Identified the "Udumaism"
 27732 | Slime:1  | Entered Level 1 of the Pits of Slime
 27870 | Slime:5  | Identified the "Pechunge"
 27870 | Slime:5  | Entered Level 5 of the Pits of Slime
 27870 | Slime:5  | Found the +6 lightning scales {swift, rElec}
 27880 | Slime:5  | Identified the +0 mace of Wisdom {heavy, Contam rElec rN+++
                  | Int+3}
 27899 | Slime:5  | Found a viscous altar of Jiyva.
 27903 | Slime:5  | Identified the +5 great sword of Moral Flaws {pain, Dex+4}
 27904 | Slime:5  | Identified the +3 ring mail of Weightlessness {rN+ Dex-5
                  | SInv}
 27910 | Slime:5  | Got a slimy rune of Zot
 27914 | Slime:5  | Identified the staff "Xawarude" {Fly rC+ Str+6 Int-2 Stlth+
                  | Ice}
 27937 | Slime:5  | Identified the ring of the Shishi {rF++ rC+ Slay+4}
 27940 | Slime:5  | Identified the +2 ring mail of the Fiend {Dex+8}
 27951 | Slime:5  | Identified the +0 quarterstaff of the Abyss {flame, *Slow
                  | rPois Will+ Dex+3}
 27952 | Slime:5  | Identified the ring "Itwoil" {rN+ Dex+3}
 28062 | Slime:5  | Noticed the Royal Jelly
 29538 | Swamp:4  | Killed the 27-headed Lernaean hydra
 29772 | D:14     | Identified the +8 whip of Cecomoez {heavy, rElec Str-4
                  | Int+2 SInv}
 30000 | D:14     | Lost mutation: You have a pair of large horns on your head.
                  | [Jiyva's grace]
 30000 | D:14     | Lost mutation: Your muscles are strong. (Str +4, Int/Dex
                  | -1) [Jiyva's grace]
 30000 | D:14     | Lost mutation: Armour fits poorly on your pseudopods.
                  | [Jiyva's grace]
 30000 | D:14     | Gained mutation: Your system is resistant to poisons.
                  | (rPois) [Jiyva's grace]
 30000 | D:14     | Gained mutation: You are covered in slimy tendrils that may
                  | disarm your opponents. [Jiyva's grace]
 30000 | D:14     | Gained mutation: You are agile. (Dex +4, Str/Int -1)
                  | [Jiyva's grace]
 30000 | D:14     | Gained mutation: You are very agile. (Dex +8, Str/Int -2)
                  | [Jiyva's grace]
 30110 | D:14     | Found a runed translucent gate.
 30111 | D:14     | Found a runed translucent gate.
 30112 | D:14     | Found a runed translucent gate.
 30114 | D:14     | Noticed Cadaeck's ghost (journeyman GrFi)
 30116 | D:14     | Identified the +0 chain mail of Exclusion {rN+ Will+ Str+3}
 30294 | D:14     | Learned a level 2 spell: Wereblood
 30339 | D:14     | Killed Cadaeck's ghost
 30437 | D:15     | Entered Level 15 of the Dungeon
 30540 | D:15     | Found a staircase to the Depths.
 30564 | D:15     | Reached skill level 5 in Evocations
 30893 | D:15     | Found a sparkling altar of Nemelex Xobeh.
 31168 | Depths:1 | Entered Level 1 of the Depths
 31245 | Depths:1 | Found Mukoahes's Antique Weapon Emporium.
 31249 | Depths:1 | Found Timaxas's Jewellery Shoppe.
 31251 | Depths:1 | Found Buvayn's Jewellery Emporium.
 31311 | Depths:1 | Found a gateway to Hell.
 31511 | Depths:1 | Reached XP level 19. HP: 155/155 MP: 30/30
 31731 | Depths:1 | Lost mutation: You are covered in fur. (AC +1) [Jiyva's
                  | grace]
 31731 | Depths:1 | Lost mutation: You are covered in slimy tendrils that may
                  | disarm your opponents. [Jiyva's grace]
 31731 | Depths:1 | Gained mutation: You are highly strong-willed. (Will++)
                  | [Jiyva's grace]
 31731 | Depths:1 | Gained mutation: You are extremely strong-willed. (Will+++)
                  | [Jiyva's grace]
 31731 | Depths:1 | Gained mutation: You passively dampen the noise of your
                  | surroundings. [Jiyva's grace]
 31731 | Depths:1 | Gained mutation: Your muscles are strong. (Str +4, Int/Dex
                  | -1) [Jiyva's grace]
 31756 | Depths:1 | Found a stormy altar of Qazlal.
 32727 | Depths:2 | Reached skill level 1 in Polearms
 32852 | Depths:2 | Found a transporter.
 32856 | Depths:2 | Found a transporter.
 32858 | Depths:2 | Found a transporter.
 32858 | Depths:2 | Found a transporter.
 32891 | Depths:2 | Noticed a golden dragon
 32903 | Depths:2 | Killed a golden dragon
 33118 | Depths:2 | Reached skill level 15 in Shields
 33295 | Depths:2 | Found a one-way gate leading to the halls of Pandemonium.
 33745 | Depths:3 | Gained mutation: A meltable icy envelope protects you from
                  | harm. (AC +0) [demonic ancestry]
 33745 | Depths:3 | Reached XP level 20. HP: 151/165 MP: 32/32
 33806 | Depths:3 | Found a one-way gate to the infinite horrors of the Abyss.
 33911 | Depths:3 | Found a radiant altar of Vehumet.
 33922 | Depths:3 | Identified the ring "Vooll" {MP+9 Dex+4}
 33939 | Depths:3 | Reached skill level 5 in Transmutations
 33997 | Depths:3 | Identified the amulet "Tuxtowk Heih" {rF+ Regen+ Slay+2}
 34012 | Depths:3 | Noticed a golden dragon
 34022 | Depths:3 | Killed a golden dragon
 34025 | Depths:3 | Identified the +5 scale mail "Weav" {Int+2}
 34083 | Depths:3 | Identified the staff "Kanuewne" {Will+ Conj}
 34084 | Depths:3 | Identified the +10 shortbow "Acuef" {drain, Fly rPois
                  | Will-}
 34154 | Depths:3 | Noticed a golden dragon
 34166 | Depths:3 | Killed a golden dragon
 34455 | Depths:3 | Found an ornate altar of the Wu Jian Council.
 34590 | Depths:4 | Entered Level 4 of the Depths
 34640 | Depths:4 | Lost mutation: You are extremely strong-willed. (Will+++)
                  | [Jiyva's grace]
 34640 | Depths:4 | Gained mutation: You are covered in slimy tendrils that may
                  | disarm your opponents. [Jiyva's grace]
 34640 | Depths:4 | Gained mutation: Your rubbery body absorbs attacks. (AC +1,
                  | EV +1) [Jiyva's grace]
 34640 | Depths:4 | Gained mutation: Your pliable body absorbs attacks. (AC +2,
                  | EV +2) [Jiyva's grace]
 34640 | Depths:4 | Gained mutation: Your gelatinous body deflects attacks. (AC
                  | +3, EV +3) [Jiyva's grace]
 34699 | Depths:4 | Learned a level 3 spell: Ignite Poison
 34740 | Depths:4 | Noticed a golden dragon
 34764 | Depths:4 | Killed a golden dragon
 34775 | Depths:4 | Found a gate to the Realm of Zot.
 34854 | Depths:4 | Reached skill level 1 in Fire Magic
 34872 | Depths:4 | Reached XP level 21. HP: 169/173 MP: 23/34
 34934 | Depths:4 | Found Ureanean's Jewellery Shoppe.
 34934 | Depths:4 | Found Warug's Antique Weapon Emporium.
 34936 | Depths:4 | Found Osuptay's Weapon Shoppe.
 34938 | Depths:4 | Found Ulo Suro's Weapon Emporium.
 34982 | Depths:4 | Found Zoith's Jewellery Boutique.
 34989 | Depths:4 | Bought an amulet of reflection for 420 gold pieces
 35125 | Depths:4 | Found a one-way gateway to a ziggurat.
 35125 | Depths:4 | Identified the ring "Cown" {Ice rElec rPois MP-9}
 35125 | Depths:4 | Noticed Josephina
 35152 | Depths:4 | Killed Josephina
 35636 | Elf:2    | Found a runed translucent door.
 35660 | Elf:2    | Found a runed translucent door.
 35738 | Elf:2    | Paralysed by an air elemental for 1 turns
 36059 | Elf:2    | Reached skill level 10 in Armour
 36333 | Elf:3    | Entered Level 3 of the Elven Halls
 36411 | Elf:3    | Lost mutation: You have a pair of horns on your head.
                  | [Jiyva's grace]
 36411 | Elf:3    | Lost mutation: You have a pair of small horns on your head.
                  | [Jiyva's grace]
 36411 | Elf:3    | Lost mutation: Your gelatinous body deflects attacks. (AC
                  | +3, EV +3) [Jiyva's grace]
 36411 | Elf:3    | Lost mutation: You passively dampen the noise of your
                  | surroundings. [Jiyva's grace]
 36411 | Elf:3    | Gained mutation: You have acidic saliva. [Jiyva's grace]
 36411 | Elf:3    | Gained mutation: You possess an exceptional clarity of
                  | mind. [Jiyva's grace]
 36411 | Elf:3    | Gained mutation: You are robust. (+10% HP) [Jiyva's grace]
 36411 | Elf:3    | Gained mutation: You are very robust. (+20% HP) [Jiyva's
                  | grace]
 36498 | Elf:3    | Found Jalorgh's Jewellery Shoppe.
 36498 | Elf:3    | Found Sothirpha's Book Boutique.
 36500 | Elf:3    | Found Yjamp's Jewellery Shoppe.
 36516 | Elf:3    | Learned a level 4 spell: Manifold Assault
 36538 | Elf:3    | Found Menlokor's Assorted Antiques.
 36541 | Elf:3    | Bought a scroll of enchant armour for 292 gold pieces
 36541 | Elf:3    | Bought a scroll of blinking for 292 gold pieces
 36541 | Elf:3    | Bought 2 murky coppery potions for 70 gold pieces
 36902 | Elf:3    | Identified the +6 demon trident "Roirr" {pain, rCorr}
 36902 | Elf:3    | Identified the ring "Dyismod" {rF+ Will++ Str+6 Dex+2 SInv}
 36903 | Elf:3    | Reached skill level 1 in Translocations
 37040 | Elf:3    | Identified the ring "Uceuskin" {Fly Int+5 Slay+2}
 37041 | Elf:3    | Identified the +5 great sword of Ygekk {venom, +Blink rPois
                  | rC++ Int-3}
 37041 | Elf:3    | Identified the amulet "Tugh" {RegenMP rC+}
 37062 | Elf:3    | Identified the +4 morningstar of Heyk {heavy, Int+3 Stlth+}
 37069 | Elf:3    | Identified the +1 plate armour of Hieditt {rC+ Will+ Dex-5}
 37071 | Elf:3    | Identified the ring of Morality {rN++ rCorr Int+6}
 37107 | Elf:3    | Identified the amulet of Husoch {Acrobat Fly Str+4}
 37127 | Elf:3    | Identified the +5 rapier "Iredyzum" {pain, Str+5}
 37128 | Elf:3    | Identified the +5 quick blade of Utuisozo {drain, Fragile
                  | Fly rC++ rN+++}
 37351 | Vaults:1 | Entered Level 1 of the Vaults
 37935 | Vaults:1 | Found Ylynud's Jewellery Shop.
 37951 | Vaults:1 | Bought the ring "Boinat" {+Blink Slay+4 SInv} for 1443 gold
                  | pieces
 38108 | Vaults:1 | Gained mutation: Your magical and physical power is
                  | slightly enhanced at high health. [demonic ancestry]
 38108 | Vaults:1 | Reached XP level 22. HP: 218/218 MP: 35/35
 38162 | Vaults:1 | Identified the +9 war axe of Starshine {elec, rC+ Stlth+}
 38515 | Vaults:2 | Found Unwifin's Antique Weapon Boutique.
 38539 | Vaults:2 | Lost mutation: You are very agile. (Dex +8, Str/Int -2)
                  | [Jiyva's grace]
 38539 | Vaults:2 | Lost mutation: You are agile. (Dex +4, Str/Int -1) [Jiyva's
                  | grace]
 38539 | Vaults:2 | Gained mutation: You expend magic power (3 MP) to
                  | strengthen your wands. [Jiyva's grace]
 38539 | Vaults:2 | Gained mutation: Armour fits poorly on your pseudopods.
                  | [Jiyva's grace]
 38539 | Vaults:2 | Gained mutation: Armour fits poorly on your large
                  | pseudopods. [Jiyva's grace]
 38539 | Vaults:2 | Gained mutation: Armour fits poorly on your massive
                  | pseudopods. [Jiyva's grace]
 39206 | Vaults:2 | Found Icryceph's Weapon Emporium.
 39492 | Vaults:3 | Found a staircase to the Crypt.
 39560 | Vaults:3 | Found Fivyohob's Book Shop.
 39815 | Vaults:3 | Found Nyic's Antique Armour Shop.
 39820 | Vaults:3 | Reached skill level 10 in Spellcasting
 39917 | Vaults:3 | Found Lacin's Weapon Boutique.
 39957 | Vaults:3 | Found Leeme's General Store.
 39972 | Vaults:3 | Found Hiahecwy's General Store.
 40016 | Vaults:3 | Bought a sack of spiders for 680 gold pieces
 40134 | Vaults:3 | Lost mutation: You are very robust. (+20% HP) [Jiyva's
                  | grace]
 40134 | Vaults:3 | Lost mutation: You have acidic saliva. [Jiyva's grace]
 40134 | Vaults:3 | Lost mutation: You have a small jelly attached to you that
                  | may absorb projectiles. [Jiyva's grace]
 40134 | Vaults:3 | Lost mutation: Your melee attacks may engulf your foes in
                  | ooze. [Jiyva's grace]
 40134 | Vaults:3 | Gained mutation: Your gelatinous body deflects attacks. (AC
                  | +3, EV +3) [Jiyva's grace]
 40134 | Vaults:3 | Gained mutation: Your muscles are very strong. (Str +8,
                  | Int/Dex -2) [Jiyva's grace]
 40134 | Vaults:3 | Gained mutation: Your translucent skin slightly reduces
                  | your foes' accuracy. (Stealth+) [Jiyva's grace]
 40134 | Vaults:3 | Gained mutation: Your translucent skin reduces your foes'
                  | accuracy. (Stealth+) [Jiyva's grace]
 40716 | Vaults:4 | Reached skill level 5 in Fire Magic
 41034 | Vaults:4 | Reached XP level 23. HP: 211/211 MP: 37/37
 41229 | Vaults:4 | Learned a level 1 spell: Apportation
 41230 | Vaults:4 | Lost mutation: Your system is resistant to poisons. (rPois)
                  | [potion of mutation]
 41230 | Vaults:4 | Lost mutation: You are robust. (+10% HP) [potion of
                  | mutation]
 41230 | Vaults:4 | Lost mutation: You are covered in slimy tendrils that may
                  | disarm your opponents. [potion of mutation]
 41499 | Vaults:5 | Entered Level 5 of the Vaults
 41535 | Vaults:5 | Noticed a dread lich
 41541 | Vaults:5 | Killed a dread lich
 41582 | Vaults:5 | Noticed an ancient lich
 41588 | Vaults:5 | Killed an ancient lich
 41633 | Vaults:5 | Identified the +4 scimitar of Neff {heavy, rC++ Str+3}
 41641 | Vaults:5 | Reached skill level 5 in Translocations
 41823 | Vaults:5 | Gained mutation: You have a small jelly attached to you
                  | that may absorb projectiles. [Jiyva's grace]
 41823 | Vaults:5 | Gained mutation: Your transparent skin significantly
                  | reduces your foes' accuracy. (Stealth+) [Jiyva's grace]
 41823 | Vaults:5 | Gained mutation: Your melee attacks may engulf your foes in
                  | ooze. [Jiyva's grace]
 41823 | Vaults:5 | Gained mutation: You are somewhat resistant to both further
                  | mutation and mutation removal. [Jiyva's grace]
 41992 | Vaults:5 | Gained mutation: Your system is resistant to poisons.
                  | (rPois) [potion of mutation]
 42139 | Vaults:5 | Identified the amulet "Osuibousm" {Faith -Cast +Blink
                  | Str+10}
 42190 | Vaults:5 | Identified the +10 great sword "Jagurgha" {pain, +Blink rN+
                  | Will+ Int+4}
 42197 | Vaults:5 | Identified the +6 great sword "Xeogar" {heavy, rElec Int+4
                  | Dex-3 Stlth+}
 42221 | Vaults:5 | Got a silver rune of Zot
 42222 | Vaults:5 | Identified the +1 glaive "Fufaageoc" {freeze, rElec rN+
                  | Str-3}
 42287 | Vaults:5 | Identified the +9 falchion "Qithreoku" {drain, rF+}
 42370 | Vaults:5 | Found Yselikli's Book Shoppe.
 42652 | Vaults:3 | Identified the +1 scimitar "Ufremaza" {heavy, Str+4}
 42690 | Crypt:1  | Entered Level 1 of the Crypt
 43332 | Crypt:1  | Gained mutation: You are mostly covered in sharp spines.
                  | [demonic ancestry]
 43332 | Crypt:1  | Reached XP level 24. HP: 202/202 MP: 38/38
 43653 | Crypt:2  | Lost mutation: You possess an exceptional clarity of mind.
                  | [Jiyva's grace]
 43653 | Crypt:2  | Lost mutation: You are somewhat resistant to both further
                  | mutation and mutation removal. [Jiyva's grace]
 43653 | Crypt:2  | Lost mutation: You are somewhat resistant to further
                  | mutation. [Jiyva's grace]
 43653 | Crypt:2  | Lost mutation: Your gelatinous body deflects attacks. (AC
                  | +3, EV +3) [Jiyva's grace]
 43653 | Crypt:2  | Lost mutation: Armour fits poorly on your massive
                  | pseudopods. [Jiyva's grace]
 43653 | Crypt:2  | Lost mutation: Your transparent skin significantly reduces
                  | your foes' accuracy. (Stealth+) [Jiyva's grace]
 43653 | Crypt:2  | Gained mutation: You are agile. (Dex +4, Str/Int -1)
                  | [Jiyva's grace]
 43653 | Crypt:2  | Gained mutation: You are very agile. (Dex +8, Str/Int -2)
                  | [Jiyva's grace]
 43653 | Crypt:2  | Gained mutation: You have a pair of small horns on your
                  | head. [Jiyva's grace]
 43653 | Crypt:2  | Gained mutation: You have a pair of horns on your head.
                  | [Jiyva's grace]
 43887 | Crypt:2  | Identified the +1 robe "Gaus" {rPois Int+2 Dex-3 Slay+4}
 43990 | Crypt:3  | Entered Level 3 of the Crypt
 43994 | Crypt:3  | Reached skill level 5 in Polearms
 44458 | Crypt:3  | Found a staircase to the Tomb.
 44467 | Crypt:3  | Identified the ring of the Commoners {rN+ Dex+2}
 44467 | Crypt:3  | Identified the ring "Leer" {rElec rN+ Will+++ Str-2 Slay+2}
 44492 | Crypt:3  | Learned a level 5 spell: Silence
 44940 | Crypt:3  | Found a basalt altar of Yredelemnul.
 44940 | Crypt:3  | Noticed a dread lich
 44962 | Crypt:3  | Killed a dread lich
 44963 | Crypt:3  | Reached skill level 1 in Hexes
 46004 | Hell     | Entered the Vestibule of Hell
 46004 | Hell     | Noticed Geryon
 46040 | Hell     | Killed Geryon
 46162 | Hell     | Noticed an ancient lich
 46169 | Hell     | Killed an ancient lich
 46184 | Hell     | Found a gateway to the decaying netherworld of Tartarus.
 46309 | Hell     | Found a gateway to the freezing wastes of Cocytus.
 46309 | Hell     | Lost mutation: You have a pair of horns on your head.
                  | [Jiyva's grace]
 46309 | Hell     | Lost mutation: You are highly strong-willed. (Will++)
                  | [Jiyva's grace]
 46309 | Hell     | Lost mutation: Your system is resistant to poisons. (rPois)
                  | [Jiyva's grace]
 46309 | Hell     | Lost mutation: Your pliable body absorbs attacks. (AC +2,
                  | EV +2) [Jiyva's grace]
 46309 | Hell     | Lost mutation: Your translucent skin reduces your foes'
                  | accuracy. (Stealth+) [Jiyva's grace]
 46309 | Hell     | Gained mutation: You passively map a small area around you.
                  | [Jiyva's grace]
 46309 | Hell     | Gained mutation: You passively map the area around you.
                  | [Jiyva's grace]
 46309 | Hell     | Gained mutation: You passively map a large area around you.
                  | [Jiyva's grace]
 46309 | Hell     | Gained mutation: You are robust. (+10% HP) [Jiyva's grace]
 46313 | Hell     | Paralysed by a wendigo for 1 turns
 46455 | Hell     | Found a gateway to the Iron City of Dis.
 46512 | Hell     | Found a gateway to the ashen valley of Gehenna.
 46735 | Zot:1    | Entered Level 1 of the Realm of Zot
 46995 | Zot:1    | Gained mutation: Your magical and physical power is
                  | enhanced at high health. [demonic ancestry]
 46995 | Zot:1    | Reached XP level 25. HP: 198/229 MP: 38/38
 47818 | Tomb:3   | Identified the "Telarocw"
 47818 | Tomb:3   | Identified the "Qoeg"
 47818 | Tomb:3   | Identified the of Nanaddow
 47818 | Tar:7    | Identified the of Awerr
 47818 | Dis:1    | Entered Level 1 of the Iron City of Dis
 48174 | Dis:2    | You fall into a shaft and drop 2 floors!
 48198 | Dis:4    | HP: 9/204 [war gargoyle/spray of metal splinters (13)]
 48446 | Hell     | Learned a level 5 spell: Lee's Rapid Deconstruction
 48518 | Coc:1    | Entered Level 1 of Cocytus
 49161 | Coc:2    | Noticed a shard shrike
 49168 | Coc:2    | Killed a shard shrike
 49171 | Coc:2    | Noticed a shard shrike
 49173 | Coc:2    | Noticed a shard shrike
 49176 | Coc:2    | Killed a shard shrike
 49187 | Coc:2    | Killed a shard shrike
 49342 | Coc:2    | Reached skill level 5 in Hexes
 49687 | Geh:1    | Entered Level 1 of Gehenna
 50176 | Geh:2    | Identified the +6 plate armour of the Enchanted Forest {rN+
                  | rCorr Stlth+}
 50354 | Geh:3    | Killed from afar by a hellion

Illustrated notes

Levels and vault maps discovered:
D:1:      psy_arrival_radial02, layout_rooms, minmay_tetromino_l4
D:2:      layout_rooms
D:3:      layout_basic, gammafunk_ghost_mausoleum, serial_corexii_hall,
          corexii_hall_statues_s, corexii_hall_statues_x
D:4:      layout_loops_ring, mainiacjoe_overflow_small_starburst, uniq_pikel
D:5:      layout_basic, uniq_blork_the_orc
D:6:      layout_loops_ring
D:7:      layout_loops_ring, grunt_temple_overflow_gold_and_silver,
          gammafunk_temple_overflow_elements, minmay_temple_entry_mist
D:8:      layout_layer_cave, mainiacjoe_overflow_catwalk_spiral, uniq_psyche,
          uniq_maggie
D:9:      layout_cave_pools, uniq_grum
D:10:     layout_long_grid, lemuel_mausoleum_altar_yredelemnul,
          hellmonk_lair_entry_icy, orc_david_3
D:11:     layout_basic
D:12:     nicolae_moon_pools, layout_long_grid, minivault_12
D:13:     layout_roguey, david_vaults_4, gauntlet_entry_generic,
          portal_ice_cave_entry_pillars_1, nooodl_orcs_dogs
D:14:     layout_irregular_city, biasface_ghost_orc_armoury,
          chequers_serial_rivers_small_b
D:15:     gammafunk_depths_entry_grave, layout_gridville,
          nemelex_spade_bored_becter
Temple:   eino_narrow_crystal_temple
Lair:1:   layout_cave_pods, minivault_19, beast_lair_carwin_9,
          grunt_megastairs_5, infiniplex_staircase_pool, uniq_joseph
Lair:2:   layout_misc_corridors, swamp_mist_pool, gammafunk_ghost_icy,
          serial_bayou_shore_a
Lair:3:   layout_regular_city, hellmonk_spider_entry_not_the_bees,
          chequers_serial_rivers_room_a
Lair:4:   layout_long_grid, slime_entry_1, dreamdust_deal_with_the_devil,
          nzn_random_ring, grunt_megastairs_1
Lair:5:   due_jungle_book, layout_long_grid
Swamp:1:  layout_basic_swamp, nicolae_swamp_some_circles, swamp_pool_5,
          nicolae_swamp_decorative_isthmus
Swamp:2:  layout_falls_marsh, nicolae_swamp_feature_on_the_river_bank,
          swamp_pool_1_2, uniq_nikola
Swamp:3:  layout_basic_swamp, nicolae_swamp_little_swirl, uniq_kirke
Swamp:4:  swamp_old_school, layout_basic_swamp, swamp_pool_1_2,
          nicolae_swamp_oxbows
Spider:1: layout_spider_delve
Spider:2: layout_spider_delve, guppyfry_spider_mini_2, uniq_aizul, uniq_arachne,
          uniq_jorgrun, uniq_louise
Spider:3: layout_chambers, hangedman_spider_tarantella_strand
Spider:4: hellmonk_spider_rune_bug_friends, nicolae_spider_swamp_cousins
Slime:1:  layout_caves, cheibrodos_slime_lost_civilization_7
Slime:2:  layout_caves
Slime:3:  layout_caves
Slime:4:  layout_caves
Slime:5:  slime_pit_nicolae_jellycorners
Orc:1:    layout_caves, serial_shops, nicolae_shop_tiny_waterfront, mines2_david
Orc:2:    grunt_orc_gardens, layout_caves, grunt_orc_garden, grunt_orc_garden,
          grunt_orc_garden, grunt_orc_garden, minmay_shop_enchanted_jewellery
Elf:1:    layout_geoelf_grid, ebering_ghost_inner_flame, serial_shops,
          nicolae_shop_behind_doors, hangedman_elven_crosses_minicolossus,
          minivault_16, minivault_14
Elf:2:    nicolae_elf_blades_splatter_lattice
          [nicolae_blade_entry_splitting_headache], layout_geoelf_grid,
          serial_sigils_hangedman_confine
Elf:3:    minmay_elf_hall, layout_loops_ring, serial_shops,
          nicolae_shop_window_shopping, minmay_shop_grove
Vaults:1: grunt_vaults_focal, nicolae_vaults_display_case, v_misc_32,
          nicolae_vaults_tetromino_Z_2, nicolae_vaults_oval_intersection,
          v_misc_16, vaults_room_pool, grunt_vaults_swirl,
          ontoclasm_vaults_ligature, layout_vaults_omnicross, serial_shops,
          nicolae_shop_trees
Vaults:2: nicolae_vaults_security_offices_5,
          nicolae_vaults_offset_grid_hallway_4, nicolae_vaults_wrenched,
          v_pattern_5, nicolae_vaults_offset_grid_hallway_3, v_misc_27,
          v_misc_24, nicolae_vaults_stairing_the_circle,
          vaults_dpeg_encased_lava, nicolae_vaults_six-pack,
          nicolae_vaults_variable_pillar_hall, dpeg_vaults_monster_box,
          nicolae_vaults_little_squares_3, v_misc_19, layout_vaults_omnibox,
          serial_shops, shop
Vaults:3: nicolae_vaults_windows_and_doors_thing,
          nicolae_vaults_ellipses_ellipsis, minmay_orc_keep,
          minmay_crypt_entry_nasty_monster,
          nicolae_vaults_taking_the_gang_shopping, nicolae_vaults_trapezoid_4,
          nicolae_vaults_trapezoid_lopsided_3, vaults_mumra_hex,
          nicolae_vaults_wine_cellar, hangedman_vaults_stretched_pinwheel,
          layout_vaults_omnigrid, serial_shops, shop, shop_fountains, shop, shop
Vaults:4: ontoclasm_vaults_tryst, nicolae_vaults_trapezoid_4,
          nicolae_vaults_alarming, v_misc_18, nicolae_vaults_network_s,
          v_pattern_1, v_misc_11, ontoclasm_vaults_eye,
          nicolae_vaults_little_squares_4, nicolae_vaults_little_squares_1,
          nicolae_vaults_bisected_slash, layout_vaults_big_room
Vaults:5: serial_shops
Crypt:1:  layout_misc_corridors, grunt_megastairs_3,
          grunt_crypt_arrival_guarded_gate, uniq_margery
Crypt:2:  layout_gridlike, minmay_misc_feat_alley, st_stairs_3
Crypt:3:  cryptofortress_bobbens
Depths:1: layout_gridlike, hell_entry, grunt_qazlal_sundering,
          grunt_megastairs_2, minmay_shop_star
Depths:2: grunt_deathspiral_small, layout_gridlike, minmay_misc_feat_tower,
          grunt_mini_vestibule, grunt_pan_entry_sceptre,
          nicolae_diode_intersection
Depths:3: minmay_the_grid_square_5x5_5x5_mashed
          [minmay_the_grid_square_5x5_inset, minmay_the_grid_square_5x5_seven,
          minmay_the_grid_square_5x5_shrine2,
          minmay_the_grid_square_5x5_shrine1,
          minmay_the_grid_square_5x5_longway,
          minmay_the_grid_square_5x5_tetrominoes,
          minmay_the_grid_square_5x5_prize_waves, minmay_the_grid_square_5x5_n,
          minmay_the_grid_square_5x5_prize_pseudospiral,
          minmay_the_grid_square_5x5_checkered,
          minmay_the_grid_square_5x5_eight_small,
          minmay_the_grid_square_5x5_half_checkered,
          minmay_the_grid_square_5x5_prize_rear_guard,
          minmay_the_grid_square_5x5_moneybag,
          minmay_the_grid_square_5x5_one_wall,
          minmay_the_grid_square_5x5_misaligned,
          minmay_the_grid_square_5x5_prize_itemx,
          minmay_the_grid_square_5x5_intrusive_squares,
          minmay_the_grid_square_5x5_prize_snowflake,
          minmay_the_grid_square_5x5_two_small, minmay_the_grid_square_5x5_tie,
          minmay_the_grid_square_5x5_checkered_statues,
          minmay_the_grid_square_5x5_checkered_sparse,
          minmay_the_grid_square_5x5_detours,
          minmay_the_grid_square_5x5_fancy_junction], layout_basic,
          nicolae_wu_jian_immortal_techniques, hell_entry, abyss_entry
Depths:4: grunt_zot_entry_alcove, layout_cave_pools, enter_ziggurat_f,
          serial_shops, nicolae_shop_gibbet_a_chance, pf_hell_entry_tar_spiral,
          minmay_shoptagon, uniq_josephina
Hell
Dis:1:    layout_regular_city, nicolae_dis_strange_trophy_room
Dis:2:    layout_overlapping_boxes
Dis:4:    layout_subdivisions, nicolae_dis_spooky_hallway
Geh:1:    layout_gehenna_lava_caves
Geh:2:    layout_gehenna_pools_triple, minmay_fire_ice_demons
Geh:3:    layout_gehenna_pools_triple, nicolae_geh_gnashing_of_teeth
Coc:1:    nicolae_coc_three_mouths, layout_cocytus_water_paths
Coc:2:    layout_ice_bergs
Coc:3:    layout_ice_bergs
Zot:1:    layout_onion, regret_index_zotdec_onion_hex, zot_minivault_1

Skill      XL: |  1  2  3  4  5  6  7  8  9 10 11 12 13 14 15 16 17 18 19 20 21 22 23 24 25 |
---------------+----------------------------------------------------------------------------+-----
Shields        | 3 4 5 7 8 9 10 12 13 14 15 16 17 18 19 20 | 20.3
Axes           | 2 3 4 5 6 8 9 11 13 15 16 17 18 | 18.0
Armour         | 3 4 5 6 7 8 9 10 11 12 | 12.8
Dodging        | 1 2 3 4 5 6 7 8 9 10 11 12 13 14 | 14.8
Fighting       | 4 5 6 7 8 10 11 12 14 15 16 17 18 19 20 | 20.4
Evocations     | 2 3 4 5 6 7 8 9 |  9.9
Stealth        | 2 3 4 5 6 7 8 |  8.2
Spellcasting   | 3 4 5 6 7 8 9 10 11 12 | 12.5
Throwing       | 1 |  1.7
Air Magic      | 1 2 3 5 7 9 |  9.1
Conjurations   | 1 4 |  4.8
Poison Magic   | 2 4 6 7 8 9 |  9.3
Ice Magic      | 3 |  3.6
Transmutations | 2 4 5 6 7 |  7.1
Earth Magic    | 1 2 |  2.7
Polearms       | 2 3 4 6 |  6.6
Fire Magic     | 1 3 5 6 7 |  7.2
Translocations | 2 4 5 7 9 |  9.4
Hexes          | 3 5 |  5.4
Ranged Weapons | |  0.5

Action                     |  1- 3 |  4- 6 |  7- 9 | 10-12 | 13-15 | 16-18 | 19-21 | 22-24 | 25-27 || total
---------------------------+-------+-------+-------+-------+-------+-------+-------+-------+-------++-------
  Melee: War axe           |    29 |       |       |       |   263 |   478 |       |       |       ||   770
         Hand axe          |    51 |    48 |   239 |    31 |       |       |       |       |       ||   369
         Kick              |       |     6 |    46 |   217 |   469 |   594 |   519 |   559 |   129 ||  2539
         Broad axe         |       |       |       |   525 |   726 |   895 |   607 |   866 |   372 ||  3991
         Headbutt          |       |       |       |       |   109 |   344 |   295 |   119 |    73 ||   940
         Pseudopods        |       |       |       |       |       |    37 |       |   320 |    64 ||   421
         Lance             |       |       |       |       |       |     1 |   408 |   329 |   113 ||   851
         Bite              |       |       |       |       |       |       |    28 |    38 |       ||    66
   Fire: Hand cannon       |       |       |       |       |       |     2 |     5 |       |       ||     7
  Throw: Stone             |       |       |     9 |       |       |       |       |       |       ||     9
         Boomerang         |       |       |       |    32 |       |     2 |       |       |       ||    34
         Dart              |       |       |       |     7 |     1 |       |       |       |       ||     8
   Cast: Shock             |       |       |       |       |     6 |   180 |    17 |       |       ||   203
         Olgreb's Toxic Ra |       |       |       |       |       |    10 |    20 |     8 |     2 ||    40
         Wereblood         |       |       |       |       |       |     3 |    15 |     7 |     2 ||    27
         Passwall          |       |       |       |       |       |     1 |       |       |       ||     1
         Ignite Poison     |       |       |       |       |       |       |    12 |     4 |     1 ||    17
         Manifold Assault  |       |       |       |       |       |       |       |    89 |   158 ||   247
         Apportation       |       |       |       |       |       |       |       |     1 |       ||     1
 Invoke: Oozemancy         |       |       |       |       |     1 |     4 |     4 |     6 |     4 ||    19
         Slimify           |       |       |       |       |       |     3 |       |       |       ||     3
Ability: Evoke Blink       |       |       |       |       |       |       |     1 |       |       ||     1
  Evoke: Wand              |       |       |       |    23 |     4 |     5 |     6 |     5 |       ||    43
         Phantom mirror    |       |       |       |       |       |     2 |       |       |     1 ||     3
         Lightning rod     |       |       |       |       |       |       |     2 |       |     3 ||     5
         Condenser vane    |       |       |       |       |       |       |     1 |       |     1 ||     2
         Horn of Geryon    |       |       |       |       |       |       |       |     1 |     1 ||     2
         Sack of spiders   |       |       |       |       |       |       |       |       |     1 ||     1
    Use: Potion            |       |     3 |       |       |     5 |    11 |     1 |     4 |     4 ||    28
         Scroll            |       |       |     7 |    14 |    10 |    15 |     8 |     1 |     3 ||    58
   Stab: Sleeping          |       |       |     4 |    13 |    24 |    27 |    26 |    30 |     5 ||   129
         Distracted        |       |       |     1 |       |     7 |     4 |     5 |     7 |     1 ||    25
         Confused          |       |       |       |       |       |    17 |       |       |       ||    17
 Armour: Scale mail        |    59 |    34 |   128 |    12 |       |       |       |       |       ||   233
         Acid dragon scale |       |       |       |    79 |       |       |       |       |       ||    79
         Steam dragon scal |       |       |       |   158 |   230 |       |       |       |       ||   388
         Skin              |       |       |       |       |     6 |       |       |       |       ||     6
         Troll leather arm |       |       |       |       |   238 |   678 |   358 |   365 |    94 ||  1733
         Ice dragon scales |       |       |       |       |       |    20 |       |       |       ||    20
         Plate armour      |       |       |       |       |       |    11 |       |       |     3 ||    14
  Dodge: Dodged            |    28 |    10 |    81 |   347 |   518 |   746 |   382 |   483 |   105 ||  2700
  Block: Buckler           |    19 |    20 |    89 |   296 |    35 |       |       |       |       ||   459
         Tower shield      |       |       |    24 |    29 |  1028 |  1653 |  1115 |  1102 |   268 ||  5219
         Other             |       |       |       |       |     4 |       |       |       |       ||     4
         Kite shield       |       |       |       |       |       |       |    19 |       |       ||    19
         Reflection        |       |       |       |       |       |       |    44 |    70 |     5 ||   119

Table legend: (Time is in decaauts)
 A = Elapsed time spent in this place.
 B = Non-inter-level travel time spent in this place.
 C = Inter-level travel time spent in this place.
 D = Time resting spent in this place.
 E = Time spent auto-exploring this place.
 F = Levels seen in this place.
 G = Mean time per level.
                   A        B        C        D        E       F      G
               +--------+--------+--------+--------+--------+-----+--------+
         Total |  50008 |  44354 |   5654 |      0 |  30786 |  65 |  769.4 |
       Dungeon |  13950 |  12376 |   1574 |      0 |   9414 |  15 |  930.0 |
        Temple |     47 |      1 |     46 |      0 |      0 |   1 |   47.0 |
          Lair |   7020 |   6109 |    911 |      0 |   4347 |   5 | 1404.0 |
         Swamp |   3374 |   3077 |    297 |      0 |   2023 |   4 |  843.5 |
   Spider Nest |   3420 |   3239 |    181 |      0 |   2061 |   4 |  855.0 |
    Slime Pits |   1053 |    991 |     62 |      0 |    890 |   5 |  210.6 |
  Orcish Mines |   1430 |   1154 |    276 |      0 |    795 |   2 |  715.0 |
   Elven Halls |   3068 |   2591 |    477 |      0 |   1646 |   3 | 1022.7 |
        Vaults |   5350 |   4779 |    571 |      0 |   3386 |   5 | 1070.0 |
         Crypt |   2525 |   2381 |    144 |      0 |   1540 |   3 |  841.7 |
        Depths |   4259 |   3549 |    710 |      0 |   2027 |   4 | 1064.8 |
          Hell |    782 |    603 |    179 |      0 |    341 |   1 |  782.0 |
           Dis |    579 |    558 |     21 |      0 |    294 |   3 |  193.0 |
       Gehenna |    647 |    607 |     40 |      0 |    461 |   3 |  215.7 |
       Cocytus |   1039 |    941 |     98 |      0 |    757 |   3 |  346.3 |
           Zot |    894 |    833 |     61 |      0 |    681 |   1 |  894.0 |
         Abyss |     17 |     17 |      0 |      0 |      0 |   1 |   17.0 |
      Ice Cave |    190 |    190 |      0 |      0 |      0 |   1 |  190.0 |
      Gauntlet |    355 |    355 |      0 |      0 |    120 |   1 |  355.0 |
               +--------+--------+--------+--------+--------+-----+--------+

Top non-repeatable levels by time:
     D:8: 1731 daAuts
  Lair:2: 1656 daAuts
  Lair:1: 1650 daAuts
    D:10: 1530 daAuts
  Lair:5: 1507 daAuts
Depths:2: 1447 daAuts
Vaults:3: 1320 daAuts
  Lair:4: 1316 daAuts
 Crypt:3: 1240 daAuts
Depths:1: 1174 daAuts
   Elf:1: 1134 daAuts
     D:7: 1115 daAuts
Vaults:1: 1111 daAuts
Spider:3: 1109 daAuts
   Elf:2: 1073 daAuts
